 Dungeon Crawl Stone Soup version 0.22.1-1-ga44c0e5 (webtiles) character file.

284 amgonnakillyou the Sneak (level 6, 24/24 HPs)
             Began as a Felid Enchanter on Sept 25, 2018.
             Quit the game on level 3 of the Dungeon.
             The game lasted 00:39:24 (4655 turns).

amgonnakillyou the Sneak (Felid Enchanter)          Turns: 4655, Time: 00:39:25

Health: 24/24      AC:  5    Str:  4    XL:     6   Next: 7%
Magic:  11/11      EV: 20    Int: 17    God:
Gold:   248        SH:  0    Dex: 18    Spells: 1/10 levels left
                                        Lives:  1   Deaths: 0

rFire    . . .     SeeInvis +     - Unarmed
rCold    . . .     Gourm    .   (shield unavailable)
rNeg     . . .     Faith    .   (armour unavailable)
rPois    .         Spirit   .   (helmet unavailable)
rElec    .         Reflect  .   (cloak unavailable)
rCorr    .         Harm     .   (gloves unavailable)
MR       .....                  (boots unavailable)
Stlth    ++++......             (no amulet)
HPRegen  0.08/turn              o - ring of flight
MPRegen  0.12/turn              q - +3 ring of protection

@: quick
A: very small, no armour, no weapons or thrown items, stealth, claws 1, fangs 3,
see invisible, carnivore, speed 1, shaggy fur 2, slow metabolism 1, sharp paws
a: Evoke Flight


You were on level 3 of the Dungeon.
You were completely stuffed.

You visited 1 branch of the dungeon, and saw 3 of its levels.

You collected 248 gold pieces.

Inventory:

Hand Weapons
 t - a +7 club
Missiles
 c - 13 poisoned needles
 g - 32 bolts
 h - 5 large rocks
 j - 23 arrows
 l - 34 sling bullets
Armour
 f - a cursed +1 centaur barding
 m - a +2 robe of positive energy
Jewellery
 o - a ring of flight (left paw)
 q - a +3 ring of protection (right paw)
Scrolls
 k - a scroll of remove curse
Potions
 a - a potion of haste {unknown}
 d - a potion of lignification {unknown}
 e - 2 potions of degeneration {unknown}
 i - a potion of ambrosia {unknown}
 r - a potion of flight {unknown}
Comestibles
 b - 6 rations


   Skills:
 * Level 4.8 Dodging
 * Level 6.0 Stealth
 * Level 3.0 Unarmed Combat
 + Level 2.7 Spellcasting
 + Level 5.3 Hexes


You had one spell level left.
You knew the following spells:

 Your Spells              Type           Power        Failure   Level  Hunger
a - Corona                Hex            ###....      1%          1    #......
e - Confuse               Hex            ###.....     6%          3    ###....
r - Tukima's Dance        Hex            ###.....     6%          3    ###....
z - Ensorcelled Hibernat  Hex/Ice        ##....       9%          2    ##.....

Your spell library contained the following spells:

 Spells                   Type           Power        Failure   Level  Hunger
 Dazzling Spray           Conj/Hex       ##....       19%         3    ###....


Dungeon Overview and Level Annotations

Branches:
Dungeon (3/15)

Altars:
Trog
Vehumet
The Shining One


Innate Abilities, Weirdness & Mutations

You cannot wear armour.
You are incapable of wielding weapons or throwing items.
Your paws allow you to move quietly. (Stealth)
You have sharp claws.
You have razor-sharp teeth.
You have supernaturally acute eyesight. (SInv)
You are carnivorous and can eat meat at any time.
You cover ground quickly.
You are covered in thick fur. (AC +2)
You have a slow metabolism.
Your sharp claws are effective at attacking unaware monsters.


Message History

The kobold corpse isn't edible.
You open the door.
There is an open door here.
You now have 248 gold pieces (gained 17).
A hobgoblin comes into view. It is wielding a club.
You pounce on the unaware helpless hobgoblin!
You mangle the hobgoblin!!
You kill the hobgoblin!
Things that are here:
a club; a hobgoblin corpse You butcher the hobgoblin corpse.
n - 2 chunks of flesh You see here a club.
Eating one of 2 chunks of flesh.
You eat one of the 2 chunks of flesh.
This raw flesh tastes great.
Eating a chunk of flesh.
You eat the chunk of flesh.
This raw flesh tastes great.
b - 6 rations (gained 1)
Found a stone staircase leading down.
Are you sure you want to abandon this character and quit the game? (Confirm

#.### #.######.###
.........#.#
#.####...... #.# ##.....
>. ##.... ####.####
#.... #.......# ###.#
#@# #.# #.# #.# #.# ##'#
#.# #.# ##(.. #.# #.#
##.... #.#####.# ##.....
######.......####......
.................'......
##.###.##.#...####)...>.
#.......## ##.....


There were no monsters in sight!

Vanquished Creatures
  Sigmund (D:2)
  Jessica (D:2)
  Natasha (D:1)
  3 adders (D:2)
  2 worms (D:2)
  3 dart slugs
  A leopard gecko (D:1)
  4 bats
  3 giant cockroaches
  6 goblins
  8 hobgoblins
  2 jackals (D:2)
  2 ball pythons (D:2)
  7 frilled lizards
  6 kobolds
  8 rats
58 creatures vanquished.

Notes
Turn   | Place    | Note
-------+----------+-------------------------------------------
     0 | D:1      | amgonnakillyou the Felid Enchanter began the quest for the
                  | Orb.
     0 | D:1      | Reached XP level 1. HP: 7/7 MP: 4/4
   387 | D:1      | Reached XP level 2. HP: 9/11 MP: 6/6
  1400 | D:1      | Learned a level 2 spell: Ensorcelled Hibernation
  2137 | D:2      | Found a bloodstained altar of Trog.
  2143 | D:2      | Reached XP level 3. HP: 13/14 MP: 0/7
  2143 | D:2      | Noticed Natasha
  2224 | D:1      | Killed Natasha
  2271 | D:2      | Reached XP level 4. HP: 13/18 MP: 2/8
  2281 | D:2      | Found a glowing golden altar of the Shining One.
  2291 | D:2      | Reached skill level 5 in Stealth
  2461 | D:2      | Noticed Sigmund
  3085 | D:2      | Found a radiant altar of Vehumet.
  3726 | D:2      | Noticed Jessica
  3761 | D:2      | Killed Jessica
  3761 | D:2      | Reached skill level 5 in Hexes
  3761 | D:2      | Reached XP level 5. HP: 19/21 MP: 2/9
  4451 | D:2      | Learned a level 3 spell: Tukima's Dance
  4455 | D:2      | Learned a level 3 spell: Confuse
  4483 | D:2      | Killed Sigmund
  4483 | D:2      | Reached skill level 6 in Stealth
  4483 | D:2      | Gained mutation: You are covered in thick fur. (AC +2)
                  | [Felid growth]
  4483 | D:2      | Reached XP level 6. HP: 20/24 MP: 1/11
  4655 | D:3      | Quit the game

Skill      XL: |  1  2  3  4  5 |
---------------+----------------+-----
Dodging        | 3 4 |  4.8
Unarmed Combat | 2 3 |  3.0
Stealth        | 5 6 |  6.0
Hexes          | 5 |  5.3
Spellcasting   | |  2.7

Action                   |  1- 3 |  4- 6 || total
-------------------------+-------+-------++-------
Melee: Unarmed           |    54 |    79 ||   133
       Bite              |     5 |     5 ||    10
 Cast: Corona            |    14 |     5 ||    19
       Ensorcelled Hiber |    16 |    40 ||    56
       Confuse           |       |     1 ||     1
       Tukima's Dance    |       |     1 ||     1
 Abil: Evoke Flight      |       |     1 ||     1
  Use: Scroll            |       |     5 ||     5
 Stab: Sleeping          |    18 |    29 ||    47
       Confused          |       |     1 ||     1
  Eat: Chunk             |     5 |    14 ||    19
Armor: Skin              |     1 |     5 ||     6
Dodge: Dodged            |    28 |    52 ||    80
